 Dungeon Crawl Stone Soup version 0.26.1-2-gb8aa6d0cf2 (webtiles) character file.

Game seed: 10251465682745450173

106843 phalm the Peltast (level 16, -36/105 HPs)
             Began as a Gargoyle Fighter on Mar 6, 2021.
             Was the Champion of Okawaru.
             Killed from afar by a crystal guardian (47 damage)
             ... with a crystal bolt
             ... on level 13 of the Dungeon.
             The game lasted 01:07:51 (24348 turns).

phalm the Peltast (Gargoyle Fighter)               Turns: 24348, Time: 01:07:52

Health: -36/105    AC: 42    Str: 27    XL:     16   Next: 45%
Magic:  0/23       EV:  9    Int:  9    God:    Okawaru [******]
Gold:   2530       SH: 15    Dex: 15    Spells: 22/25 levels left

rFire    . . .     SeeInvis +   H - +9 demon whip (freeze)
rCold    . . .     Faith    .   c - +0 kite shield
rNeg     + + .     Spirit   +   E - +8 chain mail of Midsummer {Dex+4}
rPois    ∞         Reflect  .   l - +1 helmet
rElec    +         Harm     .   P - +0 cloak of Imperfection {rN+ Stlth+}
rCorr    .         Rampage  .   v - +2 pair of gloves {archery}
Will     +....     Rnd*Rage +   (no boots)
Stlth    ..........             n - amulet of guardian spirit
HPRegen  0.27/turn              q - +4 ring of slaying
MPRegen  0.18/turn              D - ring of see invisible

@: no status effects
A: big wings, thin metallic scales 1, agile 1, berserk 1, negative energy
resistance 1, electricity resistance, unbreathing, petrification resistance,
miasma immunity, MP-powered wands, AC +12
a: Fly, Renounce Religion, Heroism, Finesse


You were on level 13 of the Dungeon.
You worshipped Okawaru.
Okawaru was exalted by your worship.
You visited 4 branches of the dungeon, and saw 22 of its levels.
You also visited: Sewer and Gauntlet.

You collected 2897 gold pieces.
You spent 367 gold pieces at shops.

Inventory:

Hand Weapons
 b - a +2 eveningstar of holy wrath
 H - a +9 demon whip of freezing (weapon)
Missiles
 A - 3 throwing nets (quivered)
Armour
 c - a +0 kite shield (worn)
 l - a +1 helmet (worn)
 v - a +2 pair of gloves of archery (worn)
 E - the +8 chain mail of Midsummer (worn) {Dex+4}
   (You found it in a Gauntlet)

   It affects your dexterity (+4).
 P - the +0 cloak of Imperfection (worn) {rN+ Stlth+}
   (Okawaru gifted it to you on level 12 of the Dungeon)

   It protects you from negative energy.
   It makes you more stealthy.
 Z - a +4 chain mail of cold resistance
Jewellery
 n - an amulet of guardian spirit (around neck)
 q - a +4 ring of slaying (left hand)
 z - a +4 ring of protection
 D - a ring of see invisible (right hand)
 Q - a +4 ring of slaying
Wands
 h - a wand of disintegration (27)
 B - a wand of acid (27)
 F - a wand of iceblast (19)
 I - a wand of digging (2)
 J - a wand of polymorph (8)
 N - a wand of enslavement (16)
 U - a wand of paralysis (7)
Scrolls
 a - 3 scrolls of fear
 f - 6 scrolls of enchant armour
 g - 7 scrolls of immolation
 j - 4 scrolls of remove curse
 k - 10 scrolls of teleportation
 m - 3 scrolls of identify
 r - 3 scrolls of amnesia
 t - 3 scrolls of summoning
 u - 3 scrolls of blinking
 y - 3 scrolls of vulnerability
 C - 2 scrolls of magic mapping
 T - 2 scrolls of fog
Potions
 d - 3 potions of might
 e - 4 potions of heal wounds
 p - a potion of resistance
 s - 10 potions of curing
 w - 2 potions of ambrosia
 x - 3 potions of brilliance
 G - 3 potions of haste
 K - a potion of attraction
 L - a potion of invisibility
 M - 2 potions of berserk rage
 R - 2 potions of lignification
Miscellaneous
 i - a lightning rod (4/4)
 V - a phantom mirror (inert)
 Y - a tin of tremorstones (2/2)


   Skills:
 + Level 13.7 Fighting
 - Level 12.0 Maces & Flails
 + Level 13.6 Armour
 + Level 16.4 Shields
 - Level 5.0 Spellcasting
 - Level 8.0 Translocations
 - Level 9.0 Invocations


You had 22 spell levels left.
You knew the following spells:

 Your Spells              Type           Power        Failure   Level
a - Blink                 Tloc           N/A          5%          2
b - Apportation           Tloc           32%          3%          1

Your spell library contained the following spells:

 Spells                   Type           Power        Failure   Level
 Lesser Beckoning         Tloc           8%           11%         3
 Magic Dart               Conj           8%           67%         1
 Call Imp                 Summ           2%           80%         2
 Ensorcelled Hibernation  Hex/Ice        4%           80%         2
 Slow                     Hex            2%           80%         2
 Conjure Flame            Conj/Fire      2%           95%         3
 Mephitic Cloud           Conj/Pois/Air  2%           95%         3
 Tukima's Dance           Hex            2%           95%         3
 Summon Forest            Summ/Tloc      4%           99%         5
 Alistair's Intoxication  Tmut/Pois      1%           100%        5
 Borgnjor's Vile Clutch   Necr/Erth      1%           100%        5
 Silence                  Hex/Air        1%           100%        5
 Summon Demon             Summ           1%           100%        5
 Invisibility             Hex            2%           100%        6
 Shadow Creatures         Summ           N/A          100%        6


Dungeon Overview and Level Annotations

Branches:
Dungeon (13/15)            Temple (0/1) D:5            Lair (6/6) D:8
 Shoals (0/4) Lair:3        Snake (0/4) Lair:2        Slime (0/5) Lair:6
    Orc (2/2) D:12            Elf (1/3) Orc:2         Sewer (visited)
Gauntlet (visited)
 Vaults: D:13-14

Altars:
Kikubaaqudgha
Okawaru
Sif Muna
Vehumet
Yredelemnul
Zin
Beogh

Shops:
D:12 [   Orc:2 :??*

Portals:
Trove: D:10 (give 5 potions of resistance)


Innate Abilities, Weirdness & Mutations

You are resistant to torment.
Your stone body is resilient. (AC +12)
You are immune to poison.
Your large and strong wings let you fly indefinitely.
You resist negative energy. (rN+)
You are resistant to electric shocks. (rElec)
You can survive without breathing.
You are immune to petrification.
You are immune to miasma.
You are partially covered in thin metallic scales. (AC +2)
You are agile. (Dex +2)
You tend to lose your temper in combat.
You expend magic power (3 MP) to strengthen your wands.


Message History

You thrash the boulder beetle!! You freeze the boulder beetle.
You kill the boulder beetle!
Okawaru accepts your kill.
Things that are here:
a +0 shortbow; 21 arrows; a boulder beetle corpse You start resting.
You feel yourself speed up.
You start resting.
You recover from your berserk rage.
You start resting.
A crystal guardian comes into view.
You are too injured to fight recklessly!
You are too injured to fight recklessly!
You are too injured to fight recklessly!
The crystal guardian fires a crystalline bolt at you.
The crystal bolt burns you!!!
* * * LOW HITPOINT WARNING * * *
The crystal guardian fires a crystalline bolt at you.
The crystal bolt freezes you!!!
You die...

****≈*,,#######''#######..#
*≈*,,#..............#..#
*≈*,,#..............#..#
*≈*,,#..##########..#..#
*≈*,,#..#,,,,,,,,#..#..#
*≈*,,#..#,,,,,,,,#..#..#
*≈*,,#..#,,*++*,,#..#..#
*≈*,,#..#,,*,,*,,#..#..#
*≈*,,#(@#,,*,,*,.#..#..#
*≈*,,#†.#,,****..#,,#..#
*≈*,,#)(#,,,,,...#,,#..#
*≈*,,#.(#,,,,...$*,,#..#
*≈*,,#.(####''####,,#.)#
#≈#,,#.(8†........,,#..#
#≈#,,#$)[.).......,,#..#
#≈#,,################..#
#≈#,,..................#


You could see a crystal guardian.

Vanquished Creatures
  Kirke (D:12)
  A storm dragon (D:13)
  A fire giant (D:13)
  A deep elf sorcerer (Elf:1)
  A ghoul (D:13)
  Nessos (D:12)
  2 entropy weavers
  A minotaur (Gauntlet)
  2 ettins (Orc:2)
  A fire dragon (Lair:6)
  Harold (D:7)
  A boulder beetle (D:13)
  6 hydras
  The ghost of Havoc the Thaumaturge, a novice DrEE of Fedhas (D:10)
  2 centaur warriors (D:13)
  2 ogre magi (Orc:2)
  14 two-headed ogres
  3 tengu warriors
  A queen ant (Lair:5)
  10 death yaks
  Urug (D:12)
  An orc high priest (Orc:1)
  Nergalle (D:11)
  2 unseen horrors (D:13)
  A swamp dragon (Lair:6)
  2 deep trolls (Orc:2)
  Pikel (D:5)
  A phantasmal warrior (D:13)
  A wolf spider (Lair:6)
  A wolf spider zombie (D:13)
  2 orc knights (Orc:1)
  14 deep elf magi
  2 oklob plants (Lair:4)
  4 ugly things
  2 cyclopes (Orc:2)
  A manticore (D:13)
  Maurice (Orc:1)
  9 black mambas
  Joseph (D:7)
  A moth of wrath (Gauntlet)
  A torpor snail (Lair:3)
  A guardian serpent (Lair:6)
  Psyche (D:11)
  19 cane toads
  A kobold demonologist (D:12)
  9 komodo dragons
  3 rime drakes
  A redback zombie (D:13)
  17 trolls
  4 tengu conjurers (Gauntlet)
  A merfolk (Lair:3)
  2 hornets (Lair:6)
  10 blink frogs
  A meliai zombie (D:13)
  A slime creature (Lair:6)
  4 dream sheep (Lair:4)
  5 redbacks
  2 wraiths
  2 shadows
  12 wyverns
  A basilisk (Lair:6)
  36 yaks
  5 steam dragons
  2 water elementals
  Eustachio (D:4)
  2 vampire mosquitoes (Lair:3)
  A hog (D:11)
  Menkaure (D:6)
  A warg (Orc:2)
  Edmund (D:5)
  15 soldier ants
  24 water moccasins
  3 nagas (Lair:2)
  2 acid dragons
  A floating eye (shapeshifter) (D:13)
  Duvessa (D:7)
  27 orc warriors
  A swamp drake (Lair:6)
  5 sky beasts
  6 ice beasts
  3 phantoms
  5 black bears
  30 ogres
  A necrophage (D:10)
  7 centaurs
  17 wolves
  An elf zombie (D:7)
  7 big kobolds
  12 bullfrogs
  A gnoll sergeant (D:9)
  3 wyvern zombies
  Dowan (D:7)
  5 scorpions
  25 wights
  3 killer bees (D:10)
  An electric eel (Lair:6)
  5 howler monkeys
  6 bullfrog zombies
  3 human zombies (D:7)
  13 orc priests
  10 jellies
  6 hounds
  3 centaur skeletons
  7 iguanas
  Ijyb (D:5)
  Natasha (thrice) (D:3)
  28 orc wizards
  2 human skeletons (D:7)
  26 worker ants
  A killer bee zombie (D:9)
  3 mummies
  A worker ant zombie (D:9)
  Robin (D:2)
  5 gnolls (D:9)
  13 adders
  A river rat (Sewer)
  2 white imps
  An ufetubus (D:6)
  An ooze (D:2)
  3 adder skeletons
  2 worms (D:3)
  3 dart slugs
  5 leopard geckos
  88 orcs
  4 giant cockroaches
  15 goblins
  6 hobgoblins
  7 jackals
  4 quokkas
  A ball python (D:5)
  11 bats
  3 frilled lizards
  34 kobolds
  8 rats
  A butterfly (Lair:2)
794 creatures vanquished.

Vanquished Creatures (collateral kills)
  A yaktaur captain (D:13)
  A wolf spider (shapeshifter) (D:13)
  A shadow (D:10)
3 creatures vanquished.

Vanquished Creatures (others)
  4 humans (D:12)
  An orc warrior (D:12)
  A big kobold (D:12)
  An orc wizard (D:12)
  3 orcs
  A kobold (D:12)
  39 fungi
  147 plants
197 creatures vanquished.

Grand Total: 994 creatures vanquished

Notes
Turn   | Place    | Note
-------+----------+-------------------------------------------
     0 | D:1      | phalm the Gargoyle Fighter began the quest for the Orb.
     0 | D:1      | Reached XP level 1. HP: 14/14 MP: 1/1
    77 | D:1      | Reached XP level 2. HP: 15/19 MP: 2/2
   731 | D:1      | Reached XP level 3. HP: 23/23 MP: 3/3
   905 | D:2      | Reached skill level 4 in Shields
   917 | D:2      | Reached XP level 4. HP: 28/29 MP: 4/4
   980 | D:2      | Found a faded altar of an unknown god.
  1103 | D:2      | Noticed Robin
  1268 | D:2      | Killed Robin
  1470 | D:2      | Found an iron altar of Okawaru.
  1478 | D:2      | Became a worshipper of Warmaster Okawaru
  1503 | D:3      | Reached XP level 5. HP: 32/33 MP: 5/5
  1594 | D:3      | Noticed Natasha
  1607 | D:3      | Killed Natasha
  1917 | D:3      | Noticed Natasha
  1924 | D:3      | Killed Natasha
  1925 | D:3      | Reached XP level 6. HP: 31/38 MP: 3/6
  2094 | D:3      | Reached skill level 5 in Shields
  2150 | D:3      | Noticed Natasha
  2156 | D:3      | Killed Natasha
  2293 | D:4      | Reached * piety under Okawaru
  2567 | D:4      | Noticed Eustachio
  2714 | D:4      | Killed Eustachio
  2715 | D:4      | Reached XP level 7. HP: 44/44 MP: 7/7
  3096 | D:5      | Entered Level 5 of the Dungeon
  3127 | D:5      | Noticed Edmund
  3132 | D:5      | Killed Edmund
  3133 | D:5      | Reached skill level 5 in Maces & Flails
  3133 | D:5      | Reached skill level 6 in Shields
  3155 | D:5      | Noticed Pikel
  3172 | D:5      | Killed Pikel
  3172 | D:5      | Reached ** piety under Okawaru
  3173 | D:5      | Reached skill level 5 in Fighting
  3173 | D:5      | Reached skill level 5 in Armour
  3173 | D:5      | Reached skill level 7 in Shields
  3173 | D:5      | Reached XP level 8. HP: 49/50 MP: 8/8
  3574 | D:5      | Found a staircase to the Ecumenical Temple.
  3635 | D:5      | Reached *** piety under Okawaru
  3719 | D:5      | Noticed Ijyb
  3729 | D:5      | Killed Ijyb
  3948 | D:5      | Found a shimmering blue altar of Sif Muna.
  4085 | D:6      | HP: 2/51 [orc warrior/+0 halberd (4)]
  4207 | D:6      | Found a glowing drain.
  4216 | Sewer    | Entered a sewer
  4441 | Sewer    | Reached XP level 9. HP: 52/55 MP: 9/9
  4472 | Sewer    | Found a white marble altar of Elyvilon.
  4554 | D:7      | Reached skill level 1 in Invocations
  4672 | D:7      | Noticed Joseph
  4695 | D:7      | Killed Joseph
  4696 | D:7      | Reached skill level 8 in Shields
  4889 | D:7      | Noticed Duvessa
  4890 | D:7      | Noticed Dowan
  4901 | D:7      | Killed Duvessa
  4908 | D:7      | Killed Dowan
  5103 | D:7      | Found an ancient bone altar of Kikubaaqudgha.
  5115 | D:7      | Reached **** piety under Okawaru
  5444 | D:6      | Noticed Menkaure
  5452 | D:6      | Killed Menkaure
  5453 | D:6      | Reached skill level 9 in Shields
  5505 | D:6      | Found a radiant altar of Vehumet.
  5581 | D:6      | Reached XP level 10. HP: 61/61 MP: 12/12
  6109 | D:6      | Reached ***** piety under Okawaru
  6665 | D:7      | Noticed Harold
  6695 | D:7      | Killed Harold
  6757 | D:7      | Learned a level 2 spell: Blink
  7034 | D:7      | Found a glowing silver altar of Zin.
  7398 | D:8      | Reached skill level 1 in Translocations
  7663 | D:8      | Reached skill level 10 in Shields
  7978 | D:8      | Noticed a boulder beetle
  8299 | D:8      | Found a staircase to the Lair.
  8548 | D:9      | Noticed a two-headed ogre
  8566 | D:9      | Killed a two-headed ogre
  8566 | D:9      | Received a gift from Okawaru
  8567 | D:9      | Reached XP level 11. HP: 62/68 MP: 12/14
  8667 | D:9      | Found a basalt altar of Yredelemnul.
  8691 | D:9      | Reached skill level 5 in Invocations
  9123 | D:10     | Entered Level 10 of the Dungeon
  9431 | D:10     | Found a transporter.
  9439 | D:10     | Found a transporter.
  9440 | D:10     | Noticed Havoc's ghost (novice DrEE)
  9470 | D:10     | Killed Havoc's ghost
  9806 | D:10     | Noticed a two-headed ogre
  9812 | D:10     | Killed a two-headed ogre
  9813 | D:10     | Reached skill level 10 in Maces & Flails
  9813 | D:10     | Reached skill level 11 in Shields
 10184 | D:10     | Found a portal to a secret trove of treasure.
 10255 | D:11     | Noticed Nergalle
 10272 | D:11     | Killed Nergalle
 10311 | D:11     | Noticed Psyche
 10321 | D:11     | Received a gift from Okawaru
 10345 | D:11     | Killed Psyche
 10736 | D:12     | Noticed Kirke
 10845 | D:12     | Reached XP level 12. HP: 75/75 MP: 16/16
 10910 | D:12     | Noticed Nessos
 10946 | D:12     | Killed Nessos
 11308 | D:12     | Killed Kirke
 11321 | D:12     | Found a staircase to the Orcish Mines.
 11328 | D:12     | Found Borrim's Armour Emporium.
 11349 | D:12     | Reached skill level 12 in Shields
 11351 | D:12     | Reached ****** piety under Okawaru
 11355 | D:12     | Received a gift from Okawaru
 11392 | D:12     | Got a steaming cloak {god gift}
 11401 | D:12     | Identified the +0 cloak of Imperfection {rN+ Stlth+}
                  | (Okawaru gifted it to you on level 12 of the Dungeon)
 11884 | D:12     | Noticed Urug
 11898 | D:12     | Killed Urug
 12089 | Lair:1   | Entered Level 1 of the Lair of Beasts
 12395 | Lair:1   | Noticed an eight-headed hydra
 12406 | Lair:1   | Killed an eight-headed hydra
 13034 | Lair:2   | Reached XP level 13. HP: 73/80 MP: 18/18
 13127 | Lair:2   | Reached skill level 5 in Translocations
 13444 | Lair:2   | Found a staircase to the Snake Pit.
 13447 | Lair:2   | Learned a level 1 spell: Apportation
 14151 | Lair:3   | Reached skill level 1 in Spellcasting
 14155 | Lair:3   | Reached skill level 13 in Shields
 14157 | Lair:3   | Received a gift from Okawaru
 14660 | Lair:3   | Found a staircase to the Shoals.
 15295 | Lair:3   | Reached skill level 10 in Fighting
 15614 | Lair:4   | Reached skill level 10 in Armour
 15717 | Lair:4   | Got an ancient bronze ring
 15719 | Lair:4   | Identified the cursed ring of Iduesaf {rC- Str-4 Dex+6
                  | Slay+5} (You found it on level 4 of the Lair of Beasts)
 16242 | Lair:4   | Received a gift from Okawaru
 16710 | Lair:5   | Noticed an entropy weaver
 16711 | Lair:5   | Noticed an entropy weaver
 16718 | Lair:5   | Killed an entropy weaver
 16921 | Lair:4   | Killed an entropy weaver
 16941 | Lair:4   | Gained mutation: Your large and strong wings let you fly
                  | indefinitely. [Gargoyle growth]
 16941 | Lair:4   | Reached XP level 14. HP: 62/88 MP: 12/20
 17332 | Lair:5   | Reached skill level 14 in Shields
 17357 | Lair:5   | Received a gift from Okawaru
 18331 | Lair:6   | Entered Level 6 of the Lair of Beasts
 18687 | Lair:6   | Received a gift from Okawaru
 19043 | Lair:6   | Received a gift from Okawaru
 19261 | Lair:6   | Found a staircase to the Slime Pits.
 19548 | Lair:6   | Reached skill level 5 in Spellcasting
 19862 | Lair:6   | Reached skill level 15 in Shields
 19873 | Lair:6   | Reached XP level 15. HP: 95/95 MP: 22/22
 19947 | Lair:6   | Gained mutation: Your body sometimes deteriorates upon
                  | taking damage. [potion of mutation]
 19947 | Lair:6   | Gained mutation: You expend magic power (3 MP) to
                  | strengthen your wands. [potion of mutation]
 19947 | Lair:6   | Gained mutation: You tend to lose your temper in combat.
                  | [potion of mutation]
 19947 | Lair:6   | Gained mutation: You are agile. (Dex +2) [potion of
                  | mutation]
 20688 | Orc:1    | Entered Level 1 of the Orcish Mines
 20999 | Orc:1    | Noticed Maurice
 21013 | Orc:1    | Paralysed by something for 7 turns
 21027 | Orc:1    | Killed Maurice
 21475 | Orc:2    | Entered Level 2 of the Orcish Mines
 21555 | Orc:2    | Found a staircase to the Elven Halls.
 21925 | Orc:2    | Found Pousiut's General Store.
 21952 | Orc:2    | Found Baavim's Magic Scroll Emporium.
 21973 | Orc:2    | Received a gift from Okawaru
 22193 | Orc:2    | Paralysed by an ogre mage for 6 turns
 22199 | Orc:2    | Found Juyweo's Magic Scroll Shop.
 22225 | Orc:2    | Bought a scroll of enchant weapon for 105 gold pieces
 22225 | Orc:2    | Bought a scroll of enchant weapon for 105 gold pieces
 22225 | Orc:2    | Bought a scroll of enchant armour for 105 gold pieces
 22225 | Orc:2    | Bought a scroll of identify for 28 gold pieces
 22230 | Orc:2    | Found Foynis's Book Shoppe.
 22234 | Orc:2    | Bought a scroll of identify for 24 gold pieces
 22299 | Orc:2    | Found a roughly hewn altar of Beogh.
 22476 | Elf:1    | Entered Level 1 of the Elven Halls
 22591 | Elf:1    | Noticed a deep elf sorcerer
 22603 | Elf:1    | Killed a deep elf sorcerer
 22719 | Elf:1    | Identified the Catalogue of Creation
 22878 | D:13     | Noticed a ghoul
 22902 | D:13     | Killed a ghoul
 22907 | D:13     | Received a gift from Okawaru
 22919 | D:13     | Reached XP level 16. HP: 40/104 MP: 10/23
 22924 | D:13     | Got an ichor-stained buckler {god gift}
 22934 | D:13     | Found a gate leading to a gauntlet.
 22944 | Gauntlet | Entered a Gauntlet
 22944 | Gauntlet | Found a transporter.
 22944 | Gauntlet | Found a transporter.
 23174 | Gauntlet | Identified the +3 buckler of the Turtledove {Rampage Regen+
                  | Str-4 Dex+6} (Okawaru gifted it to you on level 13 of the
                  | Dungeon)
 23203 | Gauntlet | Found a transporter.
 23207 | Gauntlet | Found a transporter.
 23214 | Gauntlet | Found a runed translucent door.
 23217 | Gauntlet | Found a transporter.
 23219 | Gauntlet | Found a transporter.
 23227 | Gauntlet | Found a transporter.
 23244 | Gauntlet | Found a transporter.
 23258 | Gauntlet | Found a transporter.
 23262 | Gauntlet | Found a transporter.
 23270 | Gauntlet | Found a transporter.
 23274 | Gauntlet | Found a transporter.
 23350 | Gauntlet | Lost mutation: You tend to lose your temper in combat.
                  | [potion of mutation]
 23350 | Gauntlet | Lost mutation: Your body sometimes deteriorates upon taking
                  | damage. [potion of mutation]
 23350 | Gauntlet | Gained mutation: You tend to lose your temper in combat.
                  | [potion of mutation]
 23350 | Gauntlet | Gained mutation: You are partially covered in thin metallic
                  | scales. (AC +2) [potion of mutation]
 23423 | Gauntlet | Reached skill level 16 in Shields
 23665 | Gauntlet | Got a dazzling chain mail
 23679 | Gauntlet | Identified the +8 chain mail of Midsummer {Dex+4} (You
                  | found it in a Gauntlet)
 24227 | D:13     | Noticed a storm dragon
 24229 | D:13     | a storm dragon changed into a satyr
 24229 | D:13     | Identified the +2 whip of the Sea {antimagic, rN++ Will+
                  | Int+2}
 24234 | D:13     | Noticed a storm dragon
 24261 | D:13     | Killed a storm dragon
 24275 | D:13     | Identified the +1 falchion of Fundamental Breach {freeze,
                  | Int+5}
 24348 | D:13     | Killed from afar by a crystal guardian

Illustrated notes

Levels and vault maps discovered:
D:1:      mrwooster_arrival_statue, layout_basic, serial_park_tiny_2
D:2:      layout_rooms, lemuel_crystal_altar,
          chequers_ecumenical_altar_simple_redux, uniq_robin
D:3:      layout_basic, uniq_natasha
D:4:      layout_rooms, minmay_misc_feat_tiny, interstate_on_off, uniq_eustachio
D:5:      layout_loops_ring, kennysheep_little_box,
          minmay_temple_entry_poolview, uniq_edmund, uniq_pikel, uniq_ijyb
D:6:      kennysheep_kobold_camp, layout_basic, basic_altar,
          cheibrodos_sewer_entry_drain, uniq_menkaure
D:7:      layout_gridville, marbit_many_paths,
          lemuel_mausoleum_altar_kikubaaqudgha, uniq_harold, uniq_joseph,
          uniq_duvessa
D:8:      layout_basic, lair_entry_dummy
D:9:      layout_cave_pools, yredelemnul_altar_generic
D:10:     layout_loops_corners, enter_trove_6, gammafunk_ghost_mausoleum
D:11:     layout_rooms, kennysheep_windowed_goal, uniq_psyche, uniq_nergalle
D:12:     layout_basic, orc_david_3, uniq_nessos, uniq_kirke, uniq_urug
D:13:     lemuel_traditional_vault, layout_cave_pools, serial_undead,
          serial_undead_d, serial_undead_d, serial_undead_e, serial_undead_d,
          gauntlet_entry_generic, hex_tiny, hangedman_aviary
Lair:1:   layout_chaotic_city
Lair:2:   layout_gridlike, minmay_snake_entry_guardpost_small,
          lemuel_fruit_fields
Lair:3:   layout_cave_pods, elwin_shoals_entry_rooms,
          nicolae_lair_grove_arrangements
Lair:4:   layout_layer_cave, serial_bayou_pond_d, pond,
          minmay_lair_oklob_chamber, serial_bayou_shore_b, grunt_megastairs_5
Lair:5:   layout_cave_pods, minivault_25, minmay_another_anthill
Lair:6:   guppyfry_lair_end_dragon, layout_regular_city,
          hangedman_lair_tendril_chambers, minmay_slime_entry_pillars,
          serial_bayou_shore_a, infiniplex_staircase_pool, serial_bayou_shore_b
Orc:1:    layout_diamond_mine, uniq_maurice
Orc:2:    st_orc_open, layout_diamond_mine, nicolae_orc_lost_temple
Elf:1:    eino_elf_arrival_customs, layout_loops_ring, minmay_elf_demonology,
          sword_in_stone, grunt_megastairs_3

Skill      XL: |  1  2  3  4  5  6  7  8  9 10 11 12 13 14 15 16 |
---------------+-------------------------------------------------+-----
Shields        | 4 5 7 9 10 11 12 13 15 16 | 16.4
Maces & Flails | 3 4 6 8 9 10 11 12 | 12.0
Fighting       | 4 5 6 7 8 9 10 11 13 | 13.7
Armour         | 4 5 6 7 8 9 10 11 12 13 | 13.6
Invocations    | 3 4 6 7 8 9 |  9.0
Translocations | 2 3 4 5 7 8 |  8.0
Spellcasting   | 3 5 |  5.0

Action                   |  1- 3 |  4- 6 |  7- 9 | 10-12 | 13-15 | 16-18 || total
-------------------------+-------+-------+-------+-------+-------+-------++-------
Melee: Flail             |   125 |   204 |    27 |       |       |       ||   356
       Whip              |       |       |   327 |   324 |       |       ||   651
       Demon whip        |       |       |       |   468 |  1149 |   189 ||  1806
Throw: Throwing net      |       |       |       |     3 |       |       ||     3
Invok: Heroism           |       |       |       |     1 |       |       ||     1
       Finesse           |       |       |       |     1 |       |       ||     1
Evoke: Wand              |       |     1 |       |     2 |     1 |     2 ||     6
       Box of beasts     |       |       |       |     1 |       |       ||     1
       Phantom mirror    |       |       |       |       |       |     1 ||     1
  Use: Scroll            |       |       |    13 |    11 |    17 |     2 ||    43
       Potion            |       |       |     1 |       |     4 |     1 ||     6
 Stab: Confused          |       |       |       |       |     1 |       ||     1
Armor: Scale mail        |    72 |    99 |    98 |       |       |       ||   269
       Chain mail        |       |       |    37 |    52 |   253 |    85 ||   427
       Plate armour      |       |       |       |   257 |   263 |       ||   520
       Acid dragon scale |       |       |       |       |     2 |       ||     2
Dodge: Dodged            |    41 |    58 |    78 |   111 |   223 |    35 ||   546
Block: Kite shield       |    83 |   122 |   161 |   346 |   641 |    96 ||  1449
